 Dungeon Crawl Stone Soup version 0.28-a0-1567-g1695149f81 (webtiles) character file.

Game seed: 14704012109734421872

1083 issech the Cudgeller (level 8, 0/78 HPs)
             Began as a Troll Fighter on Jan 19, 2022.
             Succumbed to a water moccasin's poison
             ... on level 6 of the Dungeon.
             The game lasted 00:23:57 (5042 turns).

issech the Cudgeller (Troll Fighter)                Turns: 5042, Time: 00:23:58

Health: 0/78       AC:  5    Str: 25    XL:     8   Next: 8%
Magic:  7/7        EV:  9    Int:  4    God:
Gold:   314        SH:  8    Dex: 11    Spells: 7/7 levels left

rFire   . . .      SeeInvis .   h - +2 flail (protect)
rCold   . . .      Faith    .   c - +0 kite shield
rNeg    . . .      Spirit   .   b - +0 robe
rPois   .          Reflect  .   (helmet restricted)
rElec   .          Harm     .   t - +0 cloak
rCorr   .          Rampage  .   (gloves unavailable)
Will    +....      Rage     1%  (boots unavailable)
Stlth   +.........              (no amulet)
HPRegen 1.03/turn               j - ring of wizardry
MPRegen 0.10/turn               p - ring of willpower

@: lethally poisoned (0 -> -18)
A: large, unfitting armour, claws 3, regeneration 1, shaggy fur 2, tough skin 1,
berserk 1, deformed body
a: no special abilities


You were on level 6 of the Dungeon.
You visited 1 branch of the dungeon, and saw 6 of its levels.

You collected 314 gold pieces.

Inventory:

Hand Weapons
 a - a +0 flail
 h - a +2 flail of protection (weapon)
 i - a +0 mace
 o - a +0 mace
 q - a +0 hunting sling
 x - a +2 quarterstaff of draining
 z - a +2 short sword of draining
 B - a +0 hunting sling
 M - a +0 executioner's axe
 V - a +4 dire flail
Missiles
 e - 19 poisoned darts
 f - 2 throwing nets
 m - 111 stones
 r - 39 arrows
 A - 33 bolts
 C - 39 sling bullets
 I - 8 javelins (quivered)
 W - a boomerang
Armour
 b - a +0 robe (worn)
 c - a +0 kite shield (worn)
 l - a +0 cloak
 t - a +0 cloak (worn)
 y - a +0 scale mail
Magical Staves
 g - a staff of death
 w - a staff of air
 L - a staff of air
 Q - a staff of poison
Jewellery
 j - a ring of wizardry (left claw)
 p - a ring of willpower (right claw)
 v - a ring of fire
Wands
 D - a wand of flame (17)
 E - a wand of iceblast (4)
 F - a wand of charming (7)
Scrolls
 n - a scroll of vulnerability
 u - 2 scrolls of magic mapping
 G - 3 scrolls of blinking
 J - a scroll of teleportation {unknown}
 K - a scroll of summoning
 N - a scroll of silence {unknown}
 U - a scroll of noise
Potions
 d - 2 potions of might
 k - a potion of haste
 s - a potion of attraction
 H - a potion of resistance {unknown}
 O - a potion of lignification {unknown}
 P - a potion of heal wounds {unknown}
 R - a potion of degeneration
 S - 2 potions of berserk rage
 T - a potion of curing {unknown}


   Skills:
 + Level 4.0 Fighting
 + Level 5.9(6.0) Maces & Flails
 + Level 0.7(3.4) Staves
 + Level 1.6 Throwing
 + Level 3.8 Dodging
 + Level 0.4 Stealth
 + Level 3.9 Shields


You had 7 spell levels left.
You didn't know any spells.
Your spell library contained the following spells:

 Spells                   Type           Power      Damage    Failure   Level
 Inner Flame              Hex/Fire       0%         N/A       80%         3
 Cause Fear               Hex            0%         N/A       99%         4
 Discord                  Hex            0%         N/A       100%        8


Dungeon Overview and Level Annotations

Branches:
Dungeon (6/15)             Temple (0/1) D:4

Altars:
Ashenzari
Cheibriados
Beogh


Innate Abilities, Weirdness & Mutations

You are too large for most types of armour.
You have claws for hands.
Your natural rate of healing is unusually fast.
You are covered in thick fur. (AC +2)
You have tough skin. (AC +1)
You tend to lose your temper in combat.
Armour fits poorly on your strangely shaped body.


Message History

The water moccasin bites you but does no damage.
You barely miss the water moccasin.
The water moccasin is almost dead.
You feel sick. You block the water moccasin's attack.
The water moccasin bites you!
You are more poisoned.
The water moccasin poisons you!
You closely miss the water moccasin.
The water moccasin is almost dead.
You feel very sick. The water moccasin bites you.
You are more poisoned.
The water moccasin poisons you! You block the water moccasin's attack.
You barely miss the water moccasin.
The water moccasin is almost dead.
You feel extremely sick. The water moccasin bites you.
You are more poisoned.
The water moccasin poisons you!
You closely miss the water moccasin.
The water moccasin is almost dead.
* * * LOW HITPOINT WARNING * * *
You feel extremely sick. You block the water moccasin's attack.
The water moccasin barely misses you.
Unknown command.
* * * LOW HITPOINT WARNING * * *
You feel very sick. The water moccasin bites you.
* * * LOW HITPOINT WARNING * * *
You are lethally poisoned!
The water moccasin poisons you!
You closely miss the water moccasin.
The water moccasin is almost dead.
* * * LOW HITPOINT WARNING * * *
You feel extremely sick. You block the water moccasin's attack.
Unknown command.
You miss the water moccasin.
The water moccasin is almost dead.
You die...

##.$. .#..############
................ .
.....####....... .. ..
#..####...... ...
####.####....#......
....#...................
......#S.#######.#<.....
.......@### #.#......
..........######.#......
#....####........#......
..### #######..####### .
####


You could see a water moccasin.

Vanquished Creatures
  The ghost of HuGe the Skirmisher, a novice MiBe of Trog (D:5)
  An ogre (D:3)
  2 scorpions (D:5)
  A water moccasin zombie (D:5)
  A water moccasin skeleton (D:5)
  A bullfrog zombie (D:5)
  A jelly (D:5)
  3 hounds
  An orc priest (D:4)
  A bullfrog skeleton (D:5)
  3 iguanas (D:5)
  A howler monkey zombie (D:5)
  7 adders
  A white imp (D:5)
  A dart slug (D:1)
  13 orcs
  7 ball pythons
  3 bats
  5 endoplasms
  3 giant cockroaches
  13 goblins
  9 hobgoblins
  3 jackals
  2 quokkas
  9 frilled lizards
  6 kobolds
  4 rats
103 creatures vanquished.

Vanquished Creatures (collateral kills)
  A goblin (D:3)
  A rat (D:3)
2 creatures vanquished.

Vanquished Creatures (others)
  37 plants
37 creatures vanquished.

Grand Total: 142 creatures vanquished

Notes
Turn   | Place    | Note
-------+----------+-------------------------------------------
     0 | D:1      | issech the Troll Fighter began the quest for the Orb.
     0 | D:1      | Reached XP level 1. HP: 22/22 MP: 0/0
   175 | D:1      | Reached XP level 2. HP: 27/29 MP: 1/1
   268 | D:1      | Found a faded altar of an unknown god.
   293 | D:1      | Reached skill level 2 in Maces & Flails
   797 | D:1      | Reached XP level 3. HP: 36/36 MP: 2/2
  1566 | D:2      | Reached XP level 4. HP: 45/45 MP: 3/3
  1915 | D:2      | Gained mutation: You have a beak for a mouth. [potion of
                  | mutation]
  1915 | D:2      | Gained mutation: You expend magic power (3 MP) to
                  | strengthen your wands. [potion of mutation]
  1936 | D:2      | Lost mutation: You expend magic power (3 MP) to strengthen
                  | your wands. [potion of mutation]
  1936 | D:2      | Lost mutation: You have a beak for a mouth. [potion of
                  | mutation]
  1936 | D:2      | Gained mutation: Armour fits poorly on your strangely
                  | shaped body. [potion of mutation]
  1936 | D:2      | Gained mutation: You tend to lose your temper in combat.
                  | [potion of mutation]
  1936 | D:2      | Gained mutation: You are covered in thick fur. (AC +2)
                  | [potion of mutation]
  2468 | D:3      | Identified a scroll of acquirement
  2468 | D:3      | Acquired a +2 flail of protection
  2528 | D:3      | Noticed an ogre
  2539 | D:3      | Killed an ogre
  2540 | D:3      | Reached skill level 3 in Maces & Flails
  2540 | D:3      | Reached XP level 5. HP: 38/53 MP: 4/4
  2757 | D:3      | Found a snail-covered altar of Cheibriados.
  3412 | D:4      | Found a staircase to the Ecumenical Temple.
  3919 | D:5      | Entered Level 5 of the Dungeon
  3961 | D:5      | Reached skill level 4 in Maces & Flails
  3961 | D:5      | Reached XP level 6. HP: 61/61 MP: 5/5
  4177 | D:5      | Found a runed translucent gate.
  4177 | D:5      | Found a runed translucent gate.
  4177 | D:5      | Found a runed translucent gate.
  4180 | D:5      | Noticed HuGe's ghost (novice MiBe)
  4209 | D:5      | Reached XP level 7. HP: 55/67 MP: 6/6
  4287 | D:5      | Reached skill level 1 in Throwing
  4317 | D:5      | Found a broken altar of Ashenzari.
  4361 | D:5      | Reached skill level 5 in Maces & Flails
  4872 | D:5      | Killed HuGe's ghost
  4873 | D:5      | Reached XP level 8. HP: 41/78 MP: 7/7
  5042 | D:6      | Succumbed to a water moccasin's poison

Illustrated notes

Levels and vault maps discovered:
D:1:      minmay_arrival_wavy_path, layout_loops_ring,
          dilly_ecumenical_altar_fadedgnrine, minmay_misc_feat_ornament
D:2:      layout_loops_corners, serial_bayou_pond_c, grunt_ministairs_5
D:3:      minmay_chambers_of_threes, layout_basic, mainiacjoe_overflow_alcove_4
D:4:      layout_loops_corners, minmay_temple_entry_waves,
          nicolae_elevator_lobby_plus
D:5:      layout_cave_pools, nicolae_overflow_crystal_walls,
          serial_column_ruins, column_ruins_square_large, column_ruins_hut,
          column_ruins_open_tiny, column_ruins_open_tiny,
          column_ruins_open_small, column_ruins_grid_1, column_ruins_open_tiny,
          biasface_ghost_orc_armoury
D:6:      layout_rooms, serial_shops, shop, minivault_26, uniq_sigmund,
          uniq_grinder

Skill      XL: |  1  2  3  4  5  6  7 |
---------------+----------------------+-----
Maces & Flails | 2 3 4 5 |  5.9
Fighting       | 3 4 |  4.0
Dodging        | 3 |  3.8
Shields        | 3 |  3.9
Throwing       | 1 |  1.6
Staves         | |  0.7
Stealth        | |  0.4

Action                   |  1- 3 |  4- 6 |  7- 9 || total
-------------------------+-------+-------+-------++-------
Melee: Flail             |    23 |    97 |    80 ||   200
       Staff             |    13 |       |       ||    13
       Mace              |   148 |   101 |       ||   249
Throw: Javelin           |       |    10 |     8 ||    18
  Use: Scroll            |       |     9 |     4 ||    13
       Potion            |       |     2 |       ||     2
Armor: Robe              |    57 |    55 |    23 ||   135
Dodge: Dodged            |    55 |    69 |    34 ||   158
Block: Kite shield       |    61 |    84 |    37 ||   182

Table legend: (Time is in decaauts)
 A = Elapsed time spent in this place.
 B = Non-inter-level travel time spent in this place.
 C = Inter-level travel time spent in this place.
 D = Time resting spent in this place.
 E = Time spent auto-exploring this place.
 F = Levels seen in this place.
 G = Mean time per level.
                   A        B        C        D        E       F      G
               +--------+--------+--------+--------+--------+-----+--------+
         Total |   5275 |   5131 |    144 |     30 |   2800 |   6 |  879.2 |
       Dungeon |   5275 |   5131 |    144 |     30 |   2800 |   6 |  879.2 |
               +--------+--------+--------+--------+--------+-----+--------+

Top non-repeatable levels by time:
     D:2: 1186 daAuts
     D:5: 1048 daAuts
     D:4: 1040 daAuts
     D:3: 1022 daAuts
     D:1: 935 daAuts
     D:6: 42 daAuts
